 Dungeon Crawl Stone Soup version 0.26-a0-651-gb41185065b (webtiles) character file.

Game seed: 12640389648528736596

69 Mesmaeker13 the Skirmisher (level 4, 0/40 HPs)
             Began as a Ghoul Monk on Oct 12, 2020.
             Slain by a goblin
             ... wielding a +0 dagger
              (2 damage)
             ... on level 1 of the Dungeon.
             The game lasted 00:02:16 (1841 turns).

Mesmaeker13 the Skirmisher (Ghoul Monk)             Turns: 1841, Time: 00:02:16

Health: 0/40       AC:  3    Str: 14    XL:     4   Next: 20%
Magic:  3/3        EV: 13    Int:  9    God:
Gold:   50         SH:  0    Dex: 11    Spells: 3/3 levels left

rFire    . . .     SeeInvis .     - Unarmed
rCold    + . .     Faith    .   (no shield)
rNeg     + + +     Spirit   .   a - +0 robe
rPois    ∞         Reflect  .   h - +1 hat {Int+3}
rElec    .         Harm     .   (no cloak)
rCorr    .         Rampage  .   (no gloves)
MR       .....                  (no boots)
Stlth    ++........             (no amulet)
HPRegen  0.00/turn              j - ring of flight
MPRegen  0.08/turn              (no ring)

@: no status effects
A: rotting body, claws 1, cold resistance 1, negative energy resistance 3,
inhibited regeneration, torment resistance, unbreathing
a: Evoke Flight


You were on level 1 of the Dungeon.
You visited 1 branch of the dungeon, and saw 2 of its levels.

You collected 50 gold pieces.

Inventory:

Armour
 a - a +0 robe (worn)
 e - a +0 plate armour
 h - a +1 hat of intelligence (worn)
Jewellery
 j - a ring of flight (left claw)
Scrolls
 c - 3 scrolls of magic mapping {unknown}
 d - 2 scrolls of identify {unknown}
 f - a scroll of enchant armour {unknown}
 i - a scroll of remove curse {unknown}
 k - a scroll of amnesia {unknown}
 l - a scroll of teleportation {unknown}
Potions
 b - a potion of brilliance {unknown}
 g - a potion of mutation {unknown}


   Skills:
 + Level 3.9 Fighting
 + Level 1.0 Armour
 - Level 3.0 Dodging
 + Level 3.1 Stealth
 + Level 3.9 Unarmed Combat


You had 3 spell levels left.
You didn't know any spells.
Your spell library was empty.

Dungeon Overview and Level Annotations

Branches:
Dungeon (2/15)

Altars:
Ru


Innate Abilities, Weirdness & Mutations

Your body is rotting away.
You thrive by killing the living.
You are immune to poison.
You have sharp fingernails.
Your flesh is cold resistant. (rC+)
You are immune to negative energy. (rN+++)
You do not regenerate when monsters are visible.
You are immune to unholy pain and torment.
You can survive without breathing.


Message History

You scratch the giant cockroach.
You kill the giant cockroach!
You have reached level 4!
You closely miss the adder.
The adder is heavily wounded.
The adder closely misses you. The adder bites you.
* * * LOW HITPOINT WARNING * * *
You closely miss the adder.
The adder is heavily wounded.
The adder bites you but does no damage.
You claw the adder!
You kill the adder!
You closely miss the kobold. The kobold hits you but does no damage.
You claw the kobold!
You kill the kobold!
Your Armour skill increases to level 1!
The goblin shoots a stone.
The stone closely misses you.
The goblin unwields a +0 hunting sling.
The goblin wields a +0 dagger.
The goblin hits you with a +0 dagger.
You die...

#.#
#........#######...###
#.#
#.######..........## #
#.####.###
#.#######...###
#........# #.# #..#.#.
#........# #.# #..##..
#........# #.# #..##..
#........# #.#
####..##.#
#........####.#
#.....##.#
#........g@..(#
#.###.##.#
##...>.(.###### #.#
#..... ####.#### #.#
####.# #.# ##.######.#
#.# #.........# #.#
#..######## #.#
#..#.....## #.#
#..#.###.## #.#
#..#.###.##


You could see a goblin.

Vanquished Creatures
  A howler monkey skeleton (D:2)
  2 adders
  An adder skeleton (D:2)
  A dart slug (D:1)
  2 leopard geckos (D:1)
  2 bat skeletons (D:2)
  2 giant cockroaches
  4 goblins
  2 hobgoblins (D:1)
  3 jackals (D:1)
  3 kobolds (D:1)
  A ball python (D:2)
  3 bats
  A frilled lizard (D:2)
  A giant cockroach zombie (D:2)
  3 rats (D:1)
32 creatures vanquished.

Vanquished Creatures (others)
  A withered plant (D:2)
1 creature vanquished.

Grand Total: 33 creatures vanquished

Notes
Turn   | Place    | Note
-------+----------+-------------------------------------------
     0 | D:1      | Mesmaeker13 the Ghoul Monk began the quest for the Orb.
     0 | D:1      | Reached XP level 1. HP: 19/19 MP: 0/0
   147 | D:1      | Reached XP level 2. HP: 3/26 MP: 1/1
  1405 | D:2      | Reached XP level 3. HP: 31/31 MP: 2/2
  1516 | D:2      | Found a sacrificial altar of Ru.
  1835 | D:1      | Reached XP level 4. HP: 5/40 MP: 3/3
  1836 | D:1      | HP: 2/40 [adder (3)]
  1840 | D:1      | Reached skill level 1 in Armour
  1841 | D:1      | Slain by a goblin

Illustrated notes

Levels and vault maps discovered:
D:1:      dpeg_arrival_radiant, layout_loops_ring
D:2:      layout_rooms, nicolae_overflow_crystal_walls, lightli_temple_of_fire,
          overflow_temple_1_default, serial_undead, serial_undead_e,
          serial_undead_e, serial_undead_b, serial_undead_f, minmay_ruptured

Skill      XL: |  1  2  3  4 |
---------------+-------------+-----
Dodging        | 3 |  3.0
Stealth        | 3 |  3.1
Armour         | 1 |  1.0
Fighting       | |  3.9
Unarmed Combat | |  3.9

Action                   |  1- 3 |  4- 6 || total
-------------------------+-------+-------++-------
Melee: Unarmed           |   123 |     5 ||   128
       Punch             |     6 |       ||     6
 Stab: Sleeping          |     3 |       ||     3
Armor: Robe              |    35 |     2 ||    37
Dodge: Dodged            |   107 |     2 ||   109

Table legend: (Time is in decaauts)
 A = Elapsed time spent in this place.
 B = Non-inter-level travel time spent in this place.
 C = Inter-level travel time spent in this place.
 D = Time resting spent in this place.
 E = Time spent auto-exploring this place.
 F = Levels seen in this place.
 G = Mean time per level.
                   A        B        C        D        E       F      G
               +--------+--------+--------+--------+--------+-----+--------+
         Total |   1833 |   1771 |     62 |    746 |    750 |   2 |  916.5 |
       Dungeon |   1833 |   1771 |     62 |    746 |    750 |   2 |  916.5 |
               +--------+--------+--------+--------+--------+-----+--------+

Top non-repeatable levels by time:
     D:1: 1625 daAuts
     D:2: 208 daAuts
